Map: Emerald City LE

Players

Kanemaki

  • Race: Protoss Protoss
  • Spawn Location: 11:00

Pinky

  • Race: Terran Terran
  • Spawn Location: 11:00

OpuS - Winner!

  • Race: Protoss Protoss
  • League: Platinum
  • Spawn Location: 5:00

Sketchaphone - Winner!

  • Race: Zerg Zerg
  • League: Platinum
  • Spawn Location: 5:00

VOD

Have the link to the VOD?

Description

Time

  • Played on: Feb. 16, 2019, 10:18 p.m.
  • Length: 9:37
Show
View Real Time Build Order
Export as new Build Order

Kanemaki Protoss 

Build Orders:  

Get SALT Encoding   

  12  0:06  Probe  
  13  0:18  Probe  
  14  0:33  Probe  
  15  0:42  Pylon  
  15  0:45  Assimilator  
  15  1:00  Pylon, Probe  
  15  1:02  Forge  
  16  1:12  Probe  
  17  1:19  Gateway  
  17  1:24  Probe  
  18  1:31  Assimilator  
  18  1:36  Probe  
  19  1:46  Gateway  
  19  1:48  Probe  
  20  2:00  Probe  
  21  2:09  Cybernetics Core  
  21  2:12  Protoss Ground Weapons Level 1, Probe  
  22  2:20  Pylon  
  22  2:24  Probe  
  22  2:28  Photon Cannon  
  23  2:40  Warp Gate  
  23  2:48  Photon Cannon  
  23  2:54  Adept  
  23  2:55  Adept  
  23  2:57  Probe  
  27  3:05  Probe  
  29  3:13  Probe  
  30  3:25  Probe  
  31  3:36  Nexus  
  31  3:45  Probe  
  31  3:47  Stargate  
  32  3:53  Probe  
  32  4:01  Probe  
  32  4:02  Pylon  
  34  4:10  Pylon  
  34  4:12  Probe  
  35  4:19  Protoss Shields Level 1  
  35  4:26  Photon Cannon  
  35  4:35  Phoenix  
  37  4:39  Probe  
  38  4:46  Probe  
  38  4:47  Probe  
  40  4:54  Probe  
  40  4:55  Probe  
  40  4:59  Phoenix  
  42  5:04  Probe  
  45  5:11  Stargate  
  45  5:14  Pylon  
  45  5:15  Protoss Air Weapons Level 1  
  45  5:17  Probe  
  46  5:29  Probe  
  46  5:30  Assimilator  
  46  5:32  Phoenix  
  45  5:54  Void Ray  
  44  6:07  Void Ray  
  44  6:11  Stalker x2  
  52  6:31  Pylon  
  51  6:33  Pylon  
  46  7:10  Nexus, Void Ray  
  46  7:12  Pylon  
  50  7:18  Void Ray  
  50  7:19  Probe  
  55  8:10  Phoenix  
  57  8:15  Nexus  
  57  8:19  Phoenix  
  40  8:52  Void Ray x2  
  44  9:13  Stalker, Probe  
  44  9:21  Probe  
  44  9:22  Photon Cannon  
Show
View Real Time Build Order
Export as new Build Order

Pinky Terran 

Build Orders:  

Get SALT Encoding   

  12  0:01  SCV  
  13  0:13  SCV  
  14  0:19  Supply Depot  
  14  0:25  SCV  
  15  0:40  SCV  
  15  0:42  Barracks  
  16  0:52  SCV  
  17  1:05  SCV  
  18  1:23  Command Center  
  18  1:29  Marine  
  19  1:37  Orbital Command  
  19  1:42  Refinery x2  
  19  1:47  Marine  
  20  2:04  SCV  
  20  2:05  Marine  
  20  2:07  Supply Depot  
  22  2:17  SCV  
  23  2:28  Marine  
  23  2:29  SCV  
  25  2:45  SCV  
  26  2:57  Orbital Command  
  26  2:59  SCV  
  26  3:01  Supply Depot  
  26  3:03  Marine  
  28  3:11  SCV  
  29  3:17  Barracks, Factory  
  29  3:22  Engineering Bay  
  29  3:23  SCV  
  29  3:24  Marine, SCV  
  32  3:30  Refinery  
  32  3:36  SCV  
  33  3:42  Marine  
  33  3:46  SCV  
  33  3:48  SCV  
  36  3:58  SCV  
  36  4:00  Factory Tech Lab, Marine  
  38  4:04  Refinery  
  38  4:05  Missile Turret  
  38  4:07  SCV  
  39  4:10  SCV  
  39  4:14  Missile Turret  
  39  4:15  Terran Infantry Weapons Level 1  
  40  4:18  Siege Tank  
  40  4:19  SCV  
  40  4:22  Barracks Tech Lab, SCV  
  45  4:28  Barracks  
  45  4:31  Marine  
  45  4:32  SCV  
  45  4:34  SCV  
  48  4:50  Supply Depot  
  48  4:57  Marine  
  48  4:58  Marine  
  48  4:59  Command Center  
  50  5:01  Siege Tank, SCV  
  50  5:06  Armory  
  54  5:23  Supply Depot  
  54  5:26  Barracks Reactor  
  54  5:27  Supply Depot  
  54  5:28  Stimpack  
  54  5:34  Barracks, Barracks Tech Lab  
  54  5:53  Marine x2  
  41  6:00  SCV  
  43  6:04  Marine x2  
  43  6:11  Marine x2  
  47  6:22  Marine x2  
  46  6:27  Marine  
  46  6:29  Marine x2  
  48  6:40  Marine x2  
  48  6:44  Factory Tech Lab, Orbital Command  
  48  6:45  Marine  
  48  6:46  Marine  
  48  6:47  Marine  
  51  6:52  Supply Depot  
  52  6:58  Marine x2  
  54  7:04  Marine x2  
  54  7:06  Siege Tank  
  60  7:13  SCV  
  60  7:14  SCV  
  61  7:15  Marine, Barracks Tech Lab  
  61  7:16  Marine  
  65  7:23  Marauder x2  
  67  7:36  Supply Depot  
  67  7:38  Siege Tank  
  67  7:42  Planetary Fortress  
  70  7:53  SCV x2  
  72  8:03  Sensor Tower  
  72  8:05  SCV x2  
  74  8:06  Sensor Tower  
  74  8:10  Siege Tank  
  77  8:12  Sensor Tower  
  77  8:17  SCV x2  
  79  8:21  Sensor Tower  
  79  8:27  Starport  
  79  8:29  SCV x2  
  79  8:30  Starport  
  76  8:42  Siege Tank  
  76  8:44  Marine x2  
  76  8:46  Marine  
  76  8:47  Marauder  
  76  8:49  Marauder  
  56  9:01  Marine  
  56  9:02  Marine  
  55  9:04  Marauder  
  55  9:07  Starport Reactor  
  55  9:08  Marauder  
  46  9:10  Marauder  
  45  9:19  Marine  
Show
View Real Time Build Order
Export as new Build Order

OpuS Protoss - Winner!

Build Orders:  

Get SALT Encoding   

  12  0:01  Probe  
  13  0:13  Probe  
  14  0:18  Pylon  
  14  0:25  Probe  
  15  0:37  Probe, Gateway  
  16  0:45  Probe  
  17  0:52  Assimilator  
  17  0:53  Probe  
  17  0:57  Assimilator  
  18  1:04  Probe  
  19  1:12  Gateway  
  19  1:14  Probe  
  19  1:25  Probe  
  20  1:26  Cybernetics Core  
  21  1:37  Pylon  
  21  1:46  Probe  
  21  1:58  Stalker  
  21  2:03  Robotics Facility  
  21  2:05  Warp Gate  
  23  2:31  Nexus  
  23  2:37  Pylon  
  23  2:44  Sentry  
  23  2:50  Observer  
  26  2:52  Probe  
  27  3:02  Adept  
  27  3:04  Probe  
  30  3:16  Probe, Gateway  
  30  3:19  Pylon  
  31  3:21  Sentry  
  33  3:29  Probe  
  34  3:36  Stalker  
  36  3:43  Probe x2  
  36  3:46  Adept  
  40  3:51  Immortal  
  43  4:11  Stalker  
  45  4:21  Probe x2  
  47  4:28  Zealot x2  
  51  4:33  Probe x2  
  51  4:34  Zealot  
  55  4:45  Probe x2  
  57  4:49  Robotics Bay  
  57  4:56  Gateway  
  57  5:02  Probe x2  
  59  5:16  Probe  
  59  5:17  Probe  
  61  5:21  Pylon  
  61  5:24  Pylon  
  61  5:26  Pylon  
  61  5:28  Probe  
  62  5:39  Probe  
  61  5:55  Stalker x3  
  61  5:56  Stalker, Probe  
  61  5:57  Probe  
  67  6:09  Probe  
  68  6:12  Probe  
  68  6:15  Twilight Council  
  68  6:16  Assimilator  
  69  6:18  Stalker x2  
  69  6:19  Stalker  
  69  6:21  Probe, Assimilator  
  76  6:28  Probe  
  77  6:33  Probe  
  76  6:40  Blink  
  72  6:48  Probe x2  
  72  6:49  Immortal  
  74  6:54  Gateway  
  74  6:55  Gateway  
  74  6:59  Gateway  
  74  7:04  Gateway  
  74  7:10  Pylon  
  74  7:12  Pylon  
  74  7:14  Pylon  
  74  7:16  Stalker x2, Pylon  
  74  7:17  Stalker  
  80  7:25  Forge, Immortal  
  80  7:26  Forge  
  80  7:27  Stalker  
  86  7:42  Stalker  
  88  7:44  Stalker  
  88  7:51  Stalker  
  92  7:53  Stalker  
  92  7:56  Stalker  
  96  8:24  Nexus  
  96  8:25  Pylon  
  96  8:30  Pylon  
  96  8:32  Pylon  
  66  9:10  Stalker x3  
  66  9:11  Stalker x5  
Show
View Real Time Build Order
Export as new Build Order

Sketchaphone Zerg - Winner!

Build Orders: Hatch First, Swarm Host 

Get SALT Encoding   

  12  0:01  Drone  
  13  0:12  Overlord  
  13  0:20  Drone  
  14  0:30  Drone x2  
  14  0:34  Drone  
  17  0:55  Hatchery  
  16  0:59  Drone  
  16  1:01  Drone  
  18  1:05  Extractor  
  17  1:20  Spawning Pool  
  17  1:22  Drone  
  17  1:24  Drone  
  18  1:27  Drone  
  19  1:41  Drone  
  20  1:48  Overlord  
  20  1:59  Drone  
  21  2:07  Queen  
  21  2:08  Metabolic Boost  
  23  2:11  Queen  
  25  2:16  Drone  
  25  2:18  Drone  
  27  2:24  Drone x2  
  29  2:34  Roach Warren  
  29  2:36  Zergling x2  
  29  2:39  Drone  
  30  2:44  Overlord  
  30  2:49  Drone  
  31  2:54  Drone  
  31  2:55  Overlord  
  32  3:00  Overlord  
  32  3:05  Overlord  
  32  3:18  Roach x2  
  36  3:20  Roach  
  36  3:21  Roach  
  36  3:25  Roach  
  42  3:27  Roach  
  42  3:31  Zergling x2  
  42  3:33  Roach  
  47  3:36  Roach  
  47  3:40  Drone  
  50  3:41  Drone  
  50  3:43  Drone  
  52  3:52  Drone x4  
  52  3:54  Drone  
  57  3:56  Drone  
  58  4:05  Drone  
  59  4:21  Overlord  
  59  4:22  Overlord  
  59  4:25  Drone  
  59  4:26  Roach  
  59  4:30  Evolution Chamber  
  59  4:31  Lair  
  61  4:33  Evolution Chamber, Zergling x10  
  65  4:46  Ravager  
  65  4:48  Zergling x6  
  69  4:54  Drone x2  
  69  4:59  Drone  
  72  5:08  Overlord  
  72  5:09  Hatchery  
  72  5:13  Overlord  
  71  5:15  Overlord, Drone  
  71  5:20  Zerg Missile Weapons Level 1  
  72  5:26  Overlord  
  72  5:31  Drone x2  
  72  5:36  Extractor  
  72  5:37  Extractor  
  62  5:58  Drone  
  63  6:05  Zerg Ground Armor Level 1  
  63  6:11  Extractor  
  62  6:16  Hatchery  
  61  6:23  Zergling x2  
  61  6:24  Zergling x20  
  72  6:29  Infestation Pit  
  71  7:01  Glial Reconstitution  
  71  7:07  Nydus Network, Swarm Host x2  
  76  7:13  Drone x11  
  85  7:25  Pneumatized Carapace  
  85  7:35  Extractor  
  83  7:37  Extractor  
  83  7:40  Hydralisk Den  
  83  7:44  Swarm Host x3  
  90  8:04  Swarm Host x2  
  90  8:05  Swarm Host  
  99  8:07  Overlord, Zergling x30  
  103  8:21  Roach x4  
  111  8:28  Nydus Canal  
  111  8:40  Queen  
  111  8:41  Queen  
  111  8:42  Nydus Canal  
  111  8:43  Roach x2  
  106  8:48  Swarm Host x3  
  112  9:07  Roach x7  
  125  9:20  Zergling x8  
  123  9:25  Drone x5  
Tags
 
Add a new tag
Caveats
  • Supply blocks, unpowered buildings, or Contaminate may cause inaccurate times.
  • Supply counts are checked every 10 seconds.